 Dungeon Crawl Stone Soup version 0.16-a0-3122-gccf308e (webtiles) character file.

1222 myeffort the Ogre Mage (level 8, -4/67 HPs)
             Began as an Ogre Wizard on Dec 13, 2014.
             Was a Follower of Okawaru.
             Slain by an orc warrior
             ... wielding a +0 halberd
              (25 damage)
             ... on level 7 of the Dungeon.
             The game lasted 00:23:28 (8977 turns).

myeffort the Ogre Mage (Ogre Wizard)                Turns: 8977, Time: 00:23:28

Health: -4/67      AC:  5    Str: 15    XL:     8   Next: 47%
Magic:  13/25      EV:  9    Int: 17    God:    Okawaru [*.....]
Gold:   358        SH:  0    Dex:  8    Spells: 6 memorised, 12 levels left

rFire  . . .     SeeInvis .     j - +0 whip (elec)
rCold  . . .     Clarity  .     a - +0 robe
rNeg   . . .     SustAb   .     (shield restricted)
rPois  .         Gourm    .     b - +0 hat
rElec  .         Spirit   .     e - +1 cloak
rCorr  .         Warding  .     (gloves unavailable)
rMut   .         Stasis   .     (boots unavailable)
MR     .....                    (no amulet)
Stlth  +.........               (no ring)
                                (no ring)

@: very slightly contaminated, repel missiles, not resistant to hostile
enchantments, very unstealthy
A: unfitting armour, tough skin 1
a: Heroism, Renounce Religion


You were on level 7 of the Dungeon.
You worshipped Okawaru.
Okawaru was aware of your devotion.
You were not hungry.

You visited 1 branch of the dungeon, and saw 7 of its levels.

You collected 358 gold pieces.

Inventory:

Hand weapons
 j - a +0 whip of electrocution (weapon)
 m - a +1 vampiric dagger
 y - a +0 blowgun
Missiles
 A - 24 poisoned needles
Armour
 a - a +0 robe (worn)
 b - a +0 hat (worn)
 e - a +1 cloak (worn)
Jewellery
 n - an uncursed amulet of the gourmand {unknown}
 u - an uncursed ring of poison resistance {unknown}
 z - an uncursed ring of magical power {unknown}
 B - an uncursed ring of stealth {unknown}
 F - an uncursed ring of protection from cold {unknown}
 G - an uncursed amulet of stasis {unknown}
Scrolls
 h - 3 scrolls of amnesia
 i - 2 scrolls of teleportation
 l - a scroll of blinking {unknown}
 o - a scroll of identify
 r - a scroll of remove curse {unknown}
 t - 2 scrolls of fear {unknown}
 w - 3 scrolls of fog {unknown}
 E - a scroll of enchant armour {unknown}
 H - 2 scrolls of magic mapping {unknown}
 I - a scroll of recharging {unknown}
 J - a scroll of random uselessness {unknown}
Potions
 f - 3 potions of heal wounds {unknown}
 g - 4 potions of curing {unknown}
 k - 3 potions of cancellation {unknown}
 q - 4 potions of haste {unknown}
 x - a potion of flight
 D - 3 potions of might {unknown}
 K - 3 potions of resistance {unknown}
Books
 c - a book of Minor Magic

   Spells                             Type                      Level
   a - Magic Dart                     Conjuration                  1
   b - Blink                          Translocation                2
   c - Call Imp                       Summoning                    2
   d - Repel Missiles                 Charms/Air                   2
   e - Slow                           Hexes                        2
   f - Conjure Flame                  Conjuration/Fire             3
   g - Mephitic Cloud                 Conjuration/Poison/Air       3
Comestibles
 d - 3 meat rations
 s - a slice of pizza
 C - 6 bread rations
 L - a royal jelly


   Skills:
 + Level 4.4 Maces & Flails
 - Level 1.7 Dodging
 - Level 1.5 Stealth
 - Level 9.0 Spellcasting
 - Level 4.0 Conjurations
 - Level 0.6 Summonings
 - Level 0.6 Translocations


You had 12 spell levels left.
You knew the following spells:

 Your Spells              Type           Power        Failure   Level  Hunger
a - Magic Dart            Conj           ###.         1%          1    None
b - Call Imp              Summ           #.......     14%         2    None
c - Blink                 Tloc           N/A          14%         2    None
d - Repel Missiles        Chrm/Air       #.....       17%         2    None
e - Conjure Flame         Conj/Fire      ##......     14%         3    None
f - Mephitic Cloud        Conj/Pois/Air  ##......     17%         3    None


Dungeon Overview and Level Annotations

Branches:
Dungeon (7/15)             Temple (0/1) D:6

Altars:
Ashenzari
Fedhas
Gozag
Okawaru
Ru
Sif Muna

Annotations:
D:5 2 exclusions


Innate Abilities, Weirdness & Mutations

You are too large for most types of armour.
You have tough skin (AC +1).


Message History

The orc warrior hits your white imp with a halberd!
Your white imp dies!
Casting: Call Imp
Confirm with . or Enter, or press ? or * to list all spells.
A shadowy apparition takes form in the air.
Casting: Call Imp
Confirm with . or Enter, or press ? or * to list all spells.
A beastly little devil appears in a puff of flame.
Your crimson imp closely misses the orc warrior.
You swap places.
The orc warrior barely misses your crimson imp.
The electric eel shoots out a bolt of lightning at you!
The bolt of electricity hits the plant.
The bolt of electricity hits you!
Your crimson imp hits the orc warrior but does no damage.
The orc warrior hits you from afar with a halberd!!
Your crimson imp hits the orc warrior but does no damage.
Your shadow imp gestures at the orc warrior.
The orc warrior struggles to resist.
The orc warrior hits you from afar with a halberd!!
You die...

######### .........#
..........# ..........# .
..........# ...#
#..........# .....
#.$......<.# ......
#....>....o# .......
#.......@55# .......
#.........5# ...P.;P
######..........##..P≈PP≈P
##..PPP............P;≈≈≈≈♣
#..PP...........≈≈PP≈≈≈♣≈.P
#.PP_PP........PPP≈♣≈≈≈PP.
#)PPP.P.#######PP≈≈≈≈♣PP≈#
#..PPPP.# #P≈≈≈♣♣PP≈P#
##.......# #PP≈≈≈ ♣P . .###


You could see an orc warrior, 2 friendly crimson imps and a friendly shadow imp.

Vanquished Creatures
  A phantom (D:5)
  A centaur (D:7)
  The ghost of Gorice the Cutter, an average HEWn (D:3)
  A scorpion (D:6)
  2 electric eels (D:7)
  3 crimson imps
  A centaur skeleton (D:7)
  A hound (D:5)
  2 orc priests
  2 iguanas (D:6)
  2 orc wizards
  2 hound skeletons
  A hound zombie (D:6)
  A worker ant zombie (D:6)
  A gnoll (D:4)
  6 adders
  2 giant mites
  5 worms
  An adder skeleton (D:4)
  11 orcs
  8 bats
  3 giant cockroaches
  16 hobgoblins
  21 jackals
  11 kobolds
  2 quokkas
  A giant gecko (D:6)
  5 giant newts
  10 goblins
  42 rats
166 creatures vanquished.

Vanquished Creatures (collateral kills)
  An ogre (D:6)
  2 jellies (D:5)
  A goliath beetle (D:6)
  An orc wizard (D:5)
  2 iguanas
  2 quasits
  A worker ant (D:5)
  2 gnolls (D:4)
  2 adders (D:2)
  A giant gecko (D:4)
  6 orcs (D:5)
  2 jackals
  A kobold (D:6)
24 creatures vanquished.

Vanquished Creatures (others)
  An iron imp (D:6)
  2 crimson imps (D:6)
  3 shadow imps
  6 white imps
12 creatures vanquished.

Grand Total: 202 creatures vanquished

Notes
Turn   | Place    | Note
--------------------------------------------------------------
     0 | D:1      | myeffort, the Ogre Wizard, began the quest for the Orb.
     0 | D:1      | Reached XP level 1. HP: 16/16 MP: 4/4
   686 | D:1      | Reached skill level 4 in Spellcasting
   686 | D:1      | Reached skill level 1 in Conjurations
   686 | D:1      | Reached XP level 2. HP: 24/24 MP: 0/7
   886 | D:2      | Learned a level 2 spell: Call Imp
  1083 | D:2      | Reached XP level 3. HP: 29/31 MP: 6/9
  1363 | D:2      | Reached skill level 5 in Spellcasting
  1363 | D:2      | Reached XP level 4. HP: 39/39 MP: 7/13
  1384 | D:2      | Learned a level 2 spell: Blink
  1387 | D:2      | Learned a level 2 spell: Repel Missiles
  1391 | D:2      | Learned a level 3 spell: Conjure Flame
  1395 | D:2      | Learned a level 3 spell: Mephitic Cloud
  2371 | D:2      | Reached XP level 5. HP: 45/45 MP: 15/15
  2908 | D:3      | Noticed Gorice's ghost (average HEWn)
  2923 | D:3      | Killed Gorice's ghost
  2923 | D:3      | Reached skill level 6 in Spellcasting
  3416 | D:3      | Reached XP level 6. HP: 49/53 MP: 15/19
  4609 | D:5      | Entered Level 5 of the Dungeon
  4700 | D:5      | Reached skill level 7 in Spellcasting
  4804 | D:5      | Reached XP level 7. HP: 36/59 MP: 2/21
  5946 | D:5      | Found a sacrificial altar of Ru.
  5951 | D:5      | Found an opulent altar of Gozag.
  5951 | D:5      | Found a deep blue altar of Sif Muna.
  5953 | D:5      | Found an iron altar of Okawaru.
  5962 | D:5      | Became a worshipper of Warmaster Okawaru
  6039 | D:5      | Reached skill level 8 in Spellcasting
  6301 | D:6      | Found a shattered altar of Ashenzari.
  6716 | D:6      | Reached XP level 8. HP: 24/67 MP: 20/24
  7196 | D:6      | Found a staircase to the Ecumenical Temple.
  7260 | D:6      | Acquired Okawaru's first power
  7260 | D:6      | Reached skill level 9 in Spellcasting
  7282 | D:6      | Reached skill level 1 in Maces & Flails
  8419 | D:7      | Found a blossoming altar of Fedhas.
  8977 | D:7      | Slain by an orc warrior

Action                   |  1- 3 |  4- 6 |  7- 9 || total
-------------------------+-------+-------+-------++-------
Melee: Unarmed           |    38 |       |       ||    38
       Whip              |   100 |   330 |   187 ||   617
 Cast: Magic Dart        |    46 |    50 |    57 ||   153
       Call Imp          |     3 |    33 |    53 ||    89
       Repel Missiles    |       |       |     3 ||     3
       Blink             |       |       |     1 ||     1
  Use: Scroll            |       |       |     4 ||     4
       Potion            |       |       |     1 ||     1
 Stab: Distracted        |       |     2 |       ||     2
       Sleeping          |       |     1 |       ||     1
  Eat: Chunk             |     1 |    12 |     9 ||    22
       Fruit             |       |       |     8 ||     8
